 Dungeon Crawl Stone Soup version 0.21-a0-331-gfb491b4 (webtiles) character file.

259 tidbits the Charmwright (level 6, -7/50 HPs)
             Began as a Gnoll Skald on Oct 2, 2017.
             Mangled by an ogre
             ... wielding a +0 giant club
              (29 damage)
             ... on level 5 of the Dungeon.
             The game lasted 00:06:00 (1225 turns).

tidbits the Charmwright (Gnoll Skald)               Turns: 1225, Time: 00:06:00

Health: -7/50      AC:  6    Str: 13    XL:     6   Next: 17%
Magic:  7/13       EV: 13    Int: 17    God:
Gold:   103        SH:  0    Dex: 15    Spells: 4/15 levels left

rFire    . . .     SeeInvis .   h - +3 quarterstaff (chaos)
rCold    . . .     Gourm    .   (shield currently unavailable)
rNeg     . . .     Faith    .   B - +0 ring mail
rPois    .         Spirit   .   (no helmet)
rElec    .         Reflect  .   C - +0 cloak
rCorr    .         Harm     .   (no gloves)
MR       .....                  (no boots)
Stlth    +.........             (no amulet)
HPRegen  0.16/turn              (no ring)
MPRegen  0.13/turn              (no ring)

@: lethally poisoned (-7 -> -13), infused, singing
A: distributed training, fangs 1, strong nose
a: no special abilities


You were on level 5 of the Dungeon.
You were not hungry.

You visited 1 branch of the dungeon, and saw 5 of its levels.

You collected 103 gold pieces.

Inventory:

Hand Weapons
 a - a +0 hand axe
 h - a +3 quarterstaff of chaos (weapon)
   (You took it off Crazy Yiuf on level 2 of the Dungeon)
 w - a +2 hand axe of chopping
   (You took it off an orc on level 3 of the Dungeon)
Missiles
 y - 14 arrows
Armour
 b - a +0 leather armour
 q - a +0 buckler
 r - a +0 shield
 B - a +0 ring mail (worn)
 C - a +0 cloak (worn)
Wands
 o - a wand of random effects (12/48)
Scrolls
 j - a scroll of enchant weapon {unknown}
 k - a scroll of magic mapping {unknown}
 l - 2 scrolls of recharging {unknown}
 p - 3 scrolls of teleportation {unknown}
 t - a scroll of noise {unknown}
Potions
 e - 2 potions of flight {unknown}
 f - a potion of degeneration {unknown}
 m - a potion of curing {unknown}
 n - a potion of magic {unknown}
 s - 2 potions of berserk rage {unknown}
 u - a potion of invisibility {unknown}
 v - 2 potions of heal wounds {unknown}
Books
 c - a book of Battle

   Spells                             Type                      Level
   a - Infusion                       Charms                       1
   b - Shroud of Golubria             Charms/Translocation         2
   c - Song of Slaying                Charms                       2
   d - Spectral Weapon                Hexes/Charms                 3
   e - Regeneration                   Charms/Necromancy            3
Comestibles
 d - 3 bread rations
 g - 3 meat rations
 i - a royal jelly
 x - a chunk of flesh


   Skills:
 + Level 4.9 Fighting
 + Level 1.8 Short Blades
 + Level 1.8 Long Blades
 + Level 4.9 Axes
 + Level 1.8 Maces & Flails
 + Level 1.8 Polearms
 + Level 1.8 Staves
 + Level 1.8 Slings
 + Level 1.8 Bows
 + Level 1.8 Crossbows
 + Level 1.8 Throwing
 + Level 3.1 Armour
 + Level 4.9 Dodging
 + Level 1.8 Stealth
   Level 0.0 Stabbing
 + Level 1.8 Shields
   Level 0.0 Traps
 + Level 1.8 Unarmed Combat
 + Level 5.3 Spellcasting
 + Level 1.8 Conjurations
 + Level 1.8 Hexes
 + Level 6.8 Charms
 + Level 1.8 Summonings
 + Level 1.8 Necromancy
 + Level 1.8 Translocations
 + Level 1.8 Transmutations
 + Level 1.8 Fire Magic
 + Level 1.8 Ice Magic
 + Level 1.8 Air Magic
 + Level 1.8 Earth Magic
 + Level 1.8 Poison Magic
 + Level 1.8 Invocations
 + Level 1.8 Evocations


You had 4 spell levels left.
You knew the following spells:

 Your Spells              Type           Power        Failure   Level  Hunger
g - Shroud of Golubria    Chrm/Tloc      ###.......   8%          2    #......
i - Infusion              Chrm           ####         1%          1    None
r - Regeneration          Chrm/Necr      ###.......   14%         3    ##.....
w - Spectral Weapon       Hex/Chrm       ###.....     14%         3    ##.....
y - Song of Slaying       Chrm           ####....     2%          2    #......


Dungeon Overview and Level Annotations

Branches:
Dungeon (5/15)
 Temple: D:4-7

Altars:


Innate Abilities, Weirdness & Mutations

Your experience applies equally to all skills.
You have very sharp teeth.
Your uncanny sense of smell can sniff out nearby items.


Message History

You now have 93 gold pieces (gained 14).
A leopard gecko comes into view.
You can't go down here!
You completely miss the leopard gecko. The leopard gecko closely misses you.
The leopard gecko bites you.
You hit the leopard gecko.
The leopard gecko seems to slow down.
You freeze the leopard gecko. Your bite misses the leopard gecko.
The leopard gecko is almost dead.
The leopard gecko barely misses you.
You miss the leopard gecko.
The leopard gecko is almost dead.
The leopard gecko misses you.
You thump the leopard gecko!
You kill the leopard gecko!
There is a stone staircase leading down here.
You see here a leopard gecko corpse.
You butcher the leopard gecko corpse.
x - 2 chunks of flesh
There is a stone staircase leading down here.
You see here a leopard gecko skeleton.
Eat one of 2 chunks of flesh? (ye/n/q)
You eat one of the 2 chunks of flesh.
This raw flesh tastes terrible.
You climb downwards.
There is a stone staircase leading up here.
An iguana comes into view.
The iguana hisses angrily.
You thump the iguana! You bite the iguana, but do no damage.
The iguana is heavily wounded.
The iguana barely misses you.
You hit the iguana.
Frost spreads across the the floor.
The iguana is severely wounded.
The iguana bites you.
You hit the iguana but do no damage. You bite the iguana, but do no damage.
The iguana is severely wounded.
The iguana completely misses you.
You hit the iguana.
You kill the iguana!
HP restored.
Found a stone staircase leading down.
Found 10 gold pieces.
You now have 103 gold pieces (gained 10).
A hound comes into view.
There is a stone staircase leading down here.
Found 2 scrolls labeled KUM CUNGECEKKE.
Casting: Infusion
Confirm with . or Enter, or press ? or * to list all spells.
You begin infusing your attacks with magical energy.
Found 14 arrows.
You miss the hound. The hound bites you but does no damage.
The hound bites you.
You closely miss the hound. The hound bites you but does no damage.
The hound bites you.
You hit the hound. You freeze the hound. You bite the hound, but do no damage.
The hound is heavily wounded.
The hound barely misses you. The hound misses you.
You hit the hound!
You kill the hound!
You have reached level 6!
Your experience leads to an increase in your attributes!
Increase (S)trength, (I)ntelligence, or (D)exterity?
You feel clever.
Unknown command.
Your magical infusion is running out.
p - 3 scrolls labeled KUM CUNGECEKKE (gained 2)
You are no longer magically infusing your attacks.
You see here 14 arrows.
y - 14 arrows
There is a stone staircase leading down here.
You climb downwards.
There is a stone staircase leading up here.
A worker ant comes into view.
An ogre comes into view. It is wielding a giant club.
The ogre shouts!
You hear an angry hiss.
The worker ant twitches its antennae in your direction.
You hear a howl!
A leopard gecko comes into view.
There is a stone staircase leading up here.
Casting: Infusion
Confirm with . or Enter, or press ? or * to list all spells.
You start singing a song of slaying.
Casting: Song of Slaying
Confirm with . or Enter, or press ? or * to list all spells.
You begin infusing your attacks with magical energy.
The worker ant bites you.
You are poisoned.
The worker ant poisons you!
You sock the worker ant!
The worker ant is poisoned.
The worker ant is severely wounded.
You feel sick.
You kill the worker ant!
You hit the ogre! You freeze the ogre.
The ogre is moderately wounded.
You feel sick. The ogre hits you with a giant club!!
* * * LOW HITPOINT WARNING * * *
You hit the ogre!
Multicoloured lights dance around the ogre!
The ogre is severely wounded.
You feel sick. The ogre hits you with a giant club!!
Ouch! That really hurt!
You die...

.... ....
..... .....
......
......######
#.......lO@#
.....#.####
∆ ... #.# .
#a# #.# #.#
#.. ∆ ### ∆


You could see an ogre and a leopard gecko.

Vanquished Creatures
  A hound (D:4)
  Crazy Yiuf (D:2)
  An orc priest (D:3)
  An orc wizard (D:3)
  A worker ant (D:5)
  An iguana (D:4)
  A gnoll (D:1)
  3 adders
  An ooze (D:1)
  A worm (D:2)
  2 dart slugs (D:2)
  3 leopard geckos
  4 orcs (D:3)
  2 giant cockroaches
  6 goblins
  4 hobgoblins
  2 kobolds (D:3)
  3 bats
  5 frilled lizards
  4 rats
47 creatures vanquished.

Notes
Turn   | Place    | Note
-------+----------+-------------------------------------------
     0 | D:1      | tidbits the Gnoll Skald began the quest for the Orb.
     0 | D:1      | Reached XP level 1. HP: 20/20 MP: 6/6
   202 | D:2      | Reached XP level 2. HP: 26/26 MP: 4/7
   206 | D:2      | Learned a level 2 spell: Song of Slaying
   209 | D:2      | Learned a level 2 spell: Shroud of Golubria
   246 | D:2      | Found a runed door.
   252 | D:2      | Noticed Crazy Yiuf
   257 | D:2      | Killed Crazy Yiuf
   257 | D:2      | Reached skill level 5 in Spellcasting
   257 | D:2      | Reached XP level 3. HP: 29/31 MP: 1/9
   274 | D:2      | Learned a level 3 spell: Regeneration
   278 | D:2      | Learned a level 3 spell: Spectral Weapon
   419 | D:2      | Reached skill level 1 in Short Blades
   419 | D:2      | Reached skill level 1 in Long Blades
   419 | D:2      | Reached skill level 1 in Maces & Flails
   419 | D:2      | Reached skill level 1 in Polearms
   419 | D:2      | Reached skill level 1 in Staves
   419 | D:2      | Reached skill level 1 in Slings
   419 | D:2      | Reached skill level 1 in Bows
   419 | D:2      | Reached skill level 1 in Crossbows
   419 | D:2      | Reached skill level 1 in Throwing
   419 | D:2      | Reached skill level 1 in Stealth
   419 | D:2      | Reached skill level 1 in Shields
   419 | D:2      | Reached skill level 1 in Unarmed Combat
   419 | D:2      | Reached skill level 1 in Conjurations
   419 | D:2      | Reached skill level 1 in Hexes
   419 | D:2      | Reached skill level 1 in Summonings
   419 | D:2      | Reached skill level 1 in Necromancy
   419 | D:2      | Reached skill level 1 in Translocations
   419 | D:2      | Reached skill level 1 in Transmutations
   419 | D:2      | Reached skill level 1 in Fire Magic
   419 | D:2      | Reached skill level 1 in Ice Magic
   419 | D:2      | Reached skill level 1 in Air Magic
   419 | D:2      | Reached skill level 1 in Earth Magic
   419 | D:2      | Reached skill level 1 in Poison Magic
   419 | D:2      | Reached skill level 1 in Invocations
   419 | D:2      | Reached skill level 1 in Evocations
   461 | D:1      | Reached XP level 4. HP: 38/38 MP: 11/11
   901 | D:3      | Reached XP level 5. HP: 43/43 MP: 7/12
   919 | D:3      | Reached skill level 3 in Armour
  1193 | D:4      | Reached XP level 6. HP: 40/50 MP: 9/13
  1214 | D:5      | Entered Level 5 of the Dungeon
  1225 | D:5      | Mangled by an ogre

Vault maps used:
D:1:      dpeg_arrival_solitude
D:2:      kennysheep_generic_room_9, uniq_crazy_yiuf_cottage
D:3:      nemelex_xobeh_ov_fountains_minmay
D:4:      kiku_gazebo_pond_becter, first_bread, cheibrodos_ashenzari_chains
D:5:      minmay_temple_entry_water_ring, minmay_fountain_box

Skill      XL: |  1  2  3  4  5 |
---------------+----------------+-----
Spellcasting   | 5 |  5.3
Short Blades   | 1 |  1.8
Long Blades    | 1 |  1.8
Maces & Flails | 1 |  1.8
Polearms       | 1 |  1.8
Staves         | 1 |  1.8
Slings         | 1 |  1.8
Bows           | 1 |  1.8
Crossbows      | 1 |  1.8
Throwing       | 1 |  1.8
Stealth        | 1 |  1.8
Shields        | 1 |  1.8
Unarmed Combat | 1 |  1.8
Conjurations   | 1 |  1.8
Hexes          | 1 |  1.8
Summonings     | 1 |  1.8
Necromancy     | 1 |  1.8
Translocations | 1 |  1.8
Transmutations | 1 |  1.8
Fire Magic     | 1 |  1.8
Ice Magic      | 1 |  1.8
Air Magic      | 1 |  1.8
Earth Magic    | 1 |  1.8
Poison Magic   | 1 |  1.8
Invocations    | 1 |  1.8
Evocations     | 1 |  1.8
Armour         | 3 |  3.1
Fighting       | |  4.9
Axes           | |  4.9
Dodging        | |  4.9
Charms         | |  6.8

Action                   |  1- 3 |  4- 6 || total
-------------------------+-------+-------++-------
Melee: Hand axe          |    16 |       ||    16
       Bite              |     3 |     7 ||    10
       Quarterstaff      |    21 |    64 ||    85
 Cast: Infusion          |     4 |     8 ||    12
       Shroud of Golubri |     1 |       ||     1
       Song of Slaying   |     1 |     2 ||     3
       Spectral Weapon   |     1 |       ||     1
       Regeneration      |       |     1 ||     1
 Stab: Sleeping          |     1 |     1 ||     2
       Paralysed         |     1 |       ||     1
  Eat: Chunk             |       |     1 ||     1
Armor: Leather armour    |     2 |       ||     2
       Ring mail         |     7 |    17 ||    24
Dodge: Dodged            |    20 |    35 ||    55

Table legend:
 A = Spawn XP
 B = Non-spawn XP
 C = Spawn XP percentage of total XP
 D = Spawn monster count
 E = Non-spawn monster count
 F = Spawn count percentage of total count
 G = Total turns spent on level
                    A         B        C        D         E        F      G
               +---------+---------+-------+---------+---------+-------+---------
         Total |       0 |     371 |   0.0 |       0 |      47 |   0.0 |  1225
               +---------+---------+-------+---------+---------+-------+---------
           D:1 |       0 |      36 |   0.0 |       0 |      11 |   0.0 |   420
           D:2 |       0 |      83 |   0.0 |       0 |      15 |   0.0 |   315
           D:3 |       0 |     137 |   0.0 |       0 |      18 |   0.0 |   390
           D:4 |       0 |      78 |   0.0 |       0 |       2 |   0.0 |    89
           D:5 |       0 |      37 |   0.0 |       0 |       1 |   0.0 |    11
               +---------+---------+-------+---------+---------+-------+---------

Table legend:
 A = Turns spent in this place as a percentage of turns spent in the entire game.
 B = Non-inter-level travel turns spent in this place as a percentage of non-inter-level travel turns spent in the entire game.
 C = Inter-level travel turns spent in this place as a percentage of turns spent in this place.
 D = Turns resting spent in this place as a percentage of non-inter-level travel turns spent in this place.
 E = Turns spent auto-exploring this place as a percentage of non-inter-level travel turns spent in this place.
 F = Non-inter-level travel turns spent in this place divided by the number of levels of this place that you've seen.
                   A       B       C       D       E      F
               +-------+-------+-------+-------+-------+----------------------
         Total | 100.0 | 100.0 |   5.3 |   0.0 |   1.0 | 232.0
       Dungeon | 100.0 | 100.0 |   5.3 |   0.0 |   1.0 | 232.0
               +-------+-------+-------+-------+-------+----------------------

Table legend:
 A = Kills in this place as a percentage of kills in entire the game.
 B = Kills by you in this place as a percentage of kills by you in the entire game.
 C = Kills by friends in this place as a percentage of kills by friends in the entire game.
 D = Other kills in this place as a percentage of other kills in the entire game.
 E = Experience gained in this place as a percentage of experience gained in the entire game.
 F = Experience gained in this place divided by the number of levels of this place that you have seen.
                   A       B       C       D       E      F
               +-------+-------+-------+-------+-------+----------------------
         Total | 100.0 | 100.0 |   N/A |   N/A | 100.0 |  74.2
       Dungeon | 100.0 | 100.0 |   N/A |   N/A | 100.0 |  74.2
               +-------+-------+-------+-------+-------+----------------------

Vault maps used:
D:1:      dpeg_arrival_solitude
D:2:      kennysheep_generic_room_9, uniq_crazy_yiuf_cottage
D:3:      nemelex_xobeh_ov_fountains_minmay
D:4:      kiku_gazebo_pond_becter, first_bread, cheibrodos_ashenzari_chains
D:5:      minmay_temple_entry_water_ring, minmay_fountain_box
